 Dungeon Crawl Stone Soup version 0.28-a0-580-ga2639ab843 (webtiles) character file.

Game seed: 1512429841336299981

614 KoroneIsBestGirl the Frost Mage (level 7, -3/52 HPs)
             Began as a Barachi Ice Elementalist on Oct 2, 2021.
             Was an Initiate of Gozag.
             Slain by a small abomination (16 damage)
             ... created by the touch of Lugonu
             ... on level 5 of the Dungeon.
             The game lasted 00:08:17 (5500 turns).

KoroneIsBestGirl the Frost Mage (BaIE)              Turns: 5500, Time: 00:08:18

Health: -3/52      AC:  6    Str:  9    XL:     7   Next: 44%
Magic:  12/13      EV: 13    Int: 17    God:    Gozag
Gold:   180        SH:  0    Dex: 13    Spells: 10/14 levels left

rFire   . . .      SeeInvis +   q - +0 dagger (protect)
rCold   . . .      Faith    .   (no shield)
rNeg    . . .      Spirit   .   a - +0 robe
rPois   .          Reflect  .   (no helmet)
rElec   .          Harm     .   (no cloak)
rCorr   .          Rampage  .   (no gloves)
Will    .....                   (no boots)
Stlth   ++........              (no amulet)
HPRegen 0.00/turn               n - +4 ring of protection
MPRegen 0.13/turn               l - ring of see invisible

@: badly diseased, studying Fighting, slow
A: amphibious, slowness 1, strong legs 1, +LOS
a: Hop, Renounce Religion, Potion Petition, Call Merchant, Bribe Branch


You were on level 5 of the Dungeon.
You worshipped Gozag.
Gozag was aware of your devotion.
You visited 2 branches of the dungeon, and saw 6 of its levels.

You collected 253 gold pieces.
You paid 73 gold pieces to Gozag.

Inventory:

Hand Weapons
 q - a +0 dagger of protection (weapon)
Armour
 a - a +0 robe (worn)
 e - a +2 ring mail of cold resistance
Jewellery
 l - a ring of see invisible (right hand)
 n - a +4 ring of protection (left hand)
Wands
 i - a wand of flame (23)
Scrolls
 c - a scroll of identify
 d - a scroll of immolation
 h - a scroll of summoning
 j - a scroll of enchant weapon
 o - a scroll of fog
 r - a scroll of vulnerability {unknown}
Potions
 f - 2 potions of resistance {unknown}
 g - 2 potions of curing {unknown}
 m - a potion of brilliance {unknown}
 p - a potion of mutation {unknown}


   Skills:
 + Level 3.1 Fighting
 + Level 4.5 Dodging
 - Level 1.7 Stealth
 + Level 4.4 Spellcasting
 * Level 8.0 Ice Magic


You had 10 spell levels left.
You knew the following spells:

 Your Spells              Type           Power      Damage    Failure   Level
a - Freeze                Ice            100%       1d11      1%          1
b - Frozen Ramparts       Ice            62%        1d8       1%          3

Your spell library contained the following spells:

 Spells                   Type           Power      Damage    Failure   Level
 Ozocubu's Armour         Ice            31%        N/A       1%          3
 Sandblast                Erth           6%         2d5       16%         1
 Passwall                 Tmut/Erth      2%         N/A       22%         2
 Hailstorm                Conj/Ice       17%        3d6       28%         4
 Ice Form                 Ice/Tmut       17%        N/A       28%         4
 Summon Ice Beast         Ice/Summ       17%        N/A       28%         4
 Stone Arrow              Conj/Erth      6%         3d7       41%         3
 Summon Forest            Summ/Tloc      1%         N/A       99%         5
 Summon Mana Viper        Hex/Summ       3%         N/A       99%         5
 Summon Cactus Giant      Summ           1%         N/A       100%        6


Dungeon Overview and Level Annotations

Branches:
Dungeon (5/15)             Temple (1/1) D:5

Altars:
Ashenzari
Cheibriados
Gozag
Nemelex Xobeh
Ru
Sif Muna
Trog
Uskayaw
Vehumet
Zin
Lugonu

Shops:
D:1 (   D:2 [


Innate Abilities, Weirdness & Mutations

You are amphibious.
You cover ground slowly.
You can hop short distances.
You have an extended range of vision and can be seen from far away.


Message History

2 starspawn tentacle segments come into view.
The starspawn tentacle grabs you. The starspawn tentacle constricts you.
A starspawn tentacle segment comes into view.
As you read the scroll labelled FIGHURIRE, it crumbles to dust.
It is a scroll of amnesia.
Really abort (and waste the scroll)? [Y]es or [N]o only, please.
Really abort (and waste the scroll)?
Okay, then.
The tentacle pulls you backwards!
The starspawn tentacle loses its grip on you.
The starspawn tentacle grabs you. The starspawn tentacle constricts you.
As you read the scroll labelled FUIQYSKO OKHOI, it crumbles to dust.
You feel strangely unstable.
It was a scroll of teleportation.
The starspawn tentacle constricts you.
You escape the starspawn tentacle's grasp.
The starspawn tentacle grabs you.
The starspawn tentacle constricts you. 2 starspawn tentacle segments come into view.
You escape the starspawn tentacle's grasp.
The starspawn tentacle misses you. The starspawn tentacle grabs you.
The starspawn tentacle constricts you. 2 starspawn tentacle segments come into view.
You escape the starspawn tentacle's grasp.
Your surroundings suddenly seem different.
You are ready to hop once more.
Lugonu's wrath scatters you! Lugonu sends minions to punish you.
An ancient zyme and a small abomination come into view.
Found a stone staircase leading up.
A bullfrog skeleton comes into view.
You feel yourself growing ill in the presence of the ancient zyme.
You feel ill. The small abomination hits you!
The bullfrog skeleton closely misses you.
You feel ill. The small abomination hits you!
* * * LOW HITPOINT WARNING * * *
The bullfrog skeleton barely misses you.
You feel ill.
Found a stone staircase leading up.
You feel ill. The small abomination hits you!
You die...
Your body crumbles into a pile of gold.

#......#
#......# #
#......#
#.#......#
###.#......#
#..........#
#####..x...#
#<..#..xZ..#####
#......@........
###.###.#.#####.
#. #<#... #
#######


You could see an ancient zyme, a small abomination and a bullfrog skeleton.

Vanquished Creatures
  An ogre (D:5)
  2 scorpions
  3 bullfrog zombies (D:5)
  2 orc priests
  An iguana (D:4)
  3 orc wizards
  A hound zombie (D:5)
  A hound skeleton (D:5)
  3 adders
  3 worms
  3 dart slugs
  12 orcs
  6 ball pythons
  2 endoplasms
  5 giant cockroaches
  7 goblins
  2 hobgoblins
  4 jackals
  7 kobolds
  A quokka (D:1)
  3 bats
  8 frilled lizards
  5 rats
85 creatures vanquished.

Vanquished Creatures (others)
  A plant (D:2)
  2 starspawn tentacles (D:5)
3 creatures vanquished.

Grand Total: 88 creatures vanquished

Notes
Turn   | Place    | Note
-------+----------+-------------------------------------------
     0 | D:1      | KoroneIsBestGirl the Barachi Ice Elementalist began the
                  | quest for the Orb.
     0 | D:1      | Reached XP level 1. HP: 13/13 MP: 3/3
   197 | D:1      | Found Raopsal's Antique Weapon Boutique.
   278 | D:1      | Reached skill level 5 in Ice Magic
   442 | D:1      | Found a faded altar of an unknown god.
   467 | D:1      | Reached XP level 2. HP: 19/19 MP: 3/5
   700 | D:1      | Became a worshipper of Lugonu the Unformed
   700 | D:1      | Reached * piety under Lugonu
   700 | D:1      | Reached ** piety under Lugonu
  1552 | D:2      | Reached XP level 3. HP: 24/24 MP: 1/7
  1556 | D:2      | Learned a level 3 spell: Frozen Ramparts
  1711 | D:2      | Found Leiffu's Antique Armour Emporium.
  2157 | D:2      | You fall into a shaft and drop 1 floor!
  2673 | D:3      | Found a sacrificial altar of Ru.
  2689 | D:3      | Reached XP level 4. HP: 29/30 MP: 0/8
  3044 | D:3      | Reached skill level 6 in Ice Magic
  3420 | D:3      | Found a glowing silver altar of Zin.
  3881 | D:4      | Noticed a scorpion
  3890 | D:4      | Reached XP level 5. HP: 33/35 MP: 4/9
  3900 | D:4      | Reached XP level 6. HP: 27/41 MP: 1/11
  4064 | D:4      | Reached *** piety under Lugonu
  4422 | D:4      | Reached skill level 7 in Ice Magic
  4904 | D:5      | Entered Level 5 of the Dungeon
  4938 | D:5      | Reached skill level 1 in Fighting
  5045 | D:5      | Found a staircase to the Ecumenical Temple.
  5050 | Temple   | Entered the Ecumenical Temple
  5059 | Temple   | Fell from the grace of Lugonu
  5059 | Temple   | Became a worshipper of Gozag Ym Sagoz the Greedy
  5200 | D:5      | Reached XP level 7. HP: 22/50 MP: 6/13
  5438 | D:5      | Reached skill level 8 in Ice Magic
  5467 | D:5      | Noticed a tentacled starspawn
  5493 | D:5      | Noticed an ancient zyme
  5500 | D:5      | Slain by a small abomination

Illustrated notes

Levels and vault maps discovered:
D:1:      lightli_arrival_quake, layout_loops_corners, serial_shops,
          nicolae_shop_stone, shapermc_ecumenical_altar_gd
D:2:      layout_loops_ring, serial_shops, nicolae_shop_overgrown_old_shop,
          minmay_misc_feat_more_columns, kennysheep_another_room
D:3:      kennysheep_big_flooded_room, layout_loops_corners,
          mainiacjoe_overflow_brackets, zin_statuary
D:4:      layout_rooms, kennysheep_pointless_box, minmay_manual_macuahuitl
D:5:      layout_basic, temple_doors_cd, hangedman_abyss_or_decor_passed
Temple:   dshaligram_water_room_temple

Skill      XL: |  1  2  3  4  5  6  7 |
---------------+----------------------+-----
Ice Magic      | 5 6 7 8 |  8.0
Dodging        | 3 4 |  4.5
Spellcasting   | 3 4 |  4.4
Fighting       | 2 3 |  3.1
Stealth        | |  1.7

Action                   |  1- 3 |  4- 6 |  7- 9 || total
-------------------------+-------+-------+-------++-------
Melee: Dagger            |    13 |    99 |    49 ||   161
 Cast: Freeze            |    55 |    47 |    12 ||   114
       Frozen Ramparts   |     1 |     5 |     4 ||    10
 Abil: Hop               |       |       |     1 ||     1
  Use: Scroll            |       |     4 |     2 ||     6
 Stab: Sleeping          |       |     2 |       ||     2
Armor: Robe              |     8 |    67 |    30 ||   105
Dodge: Dodged            |    38 |    89 |    42 ||   169

Table legend: (Time is in decaauts)
 A = Elapsed time spent in this place.
 B = Non-inter-level travel time spent in this place.
 C = Inter-level travel time spent in this place.
 D = Time resting spent in this place.
 E = Time spent auto-exploring this place.
 F = Levels seen in this place.
 G = Mean time per level.
                   A        B        C        D        E       F      G
               +--------+--------+--------+--------+--------+-----+--------+
         Total |   6044 |   5790 |    254 |    383 |   4689 |   6 | 1007.3 |
       Dungeon |   6022 |   5788 |    234 |    383 |   4689 |   5 | 1204.4 |
        Temple |     22 |      3 |     19 |      0 |      0 |   1 |   22.0 |
               +--------+--------+--------+--------+--------+-----+--------+

Top non-repeatable levels by time:
     D:3: 1714 daAuts
     D:1: 1636 daAuts
     D:4: 1114 daAuts
     D:2: 953 daAuts
     D:5: 603 daAuts
  Temple: 22 daAuts
